 Dungeon Sprint DCSS version 0.19.1 (webtiles) character file.

6738 equalderp2856 the Eviscerator (level 10, -61/49 HPs)
             Began as a Felid Fighter on Dec 3, 2016.
             Was the Champion of Lugonu.
             Killed from afar by Sojobo (66 damage)
             ... with a bolt of lightning
             ... in the Dungeon (Sprint IX: "|||||||||||||||||||||||||||||").
             The game lasted 00:22:29 (7461 turns).

equalderp2856 the Eviscerator (Felid Fighter)       Turns: 7461, Time: 00:22:29

Health: -61/49     AC:  7    Str: 14    XL:     10   Next: 75%
Magic:  1/18       EV: 33    Int: 11    God:    Lugonu [******]
Gold:   1135       SH:  0    Dex: 17    Spells: 10 memorised, 0 levels left
                                        Lives:  0   Deaths: 2

rFire  . . .     SeeInvis +       - Unarmed
rCold  + . .     Gourm    .     (armour unavailable)
rNeg   . . .     Faith    .     (shield unavailable)
rPois  .         Spirit   .     (helmet unavailable)
rElec  .         Reflect  .     (cloak unavailable)
rCorr  .         Harm     .     (gloves unavailable)
MR     +....     NoTele   +     (boots unavailable)
Stlth  +++++.....               (no amulet)
                                n - +2 ring of protection
                                m - +2 ring of protection

@: repel missiles, quick
A: no armour, no weapons or thrown items, stealth, claws 1, fangs 3, see
invisible, carnivore 3, speed 1, shaggy fur 3, slow metabolism 1, sharp paws
a: Bend Space, Banish, Corrupt, Renounce Religion


You were in the Dungeon.
You worshipped Lugonu.
Lugonu was exalted by your worship.
You were not hungry.

You visited 1 branch You collected 1915 gold pieces.
You spent 780 gold pieces at shops.

Inventory:

Jewellery
 h - a +4 ring of evasion
 m - a +2 ring of protection (left paw)
 n - a +2 ring of protection (right paw)
 s - an uncursed ring of fire
 t - an uncursed ring of positive energy
 u - an uncursed ring of ice
 A - an uncursed ring of poison resistance
 B - a +4 ring of evasion
Wands
 l - a wand of lightning (0/15)
 r - a wand of digging (8/24)
Scrolls
 j - 4 scrolls of remove curse
 k - 2 scrolls of amnesia
 p - 4 scrolls of identify
 q - a scroll of recharging
 w - a scroll of fog
Potions
 a - 2 potions of resistance
 c - 3 potions of curing
 d - a potion of invisibility
 e - 2 potions of haste
 f - 4 potions of magic
 g - a potion of agility
 i - a potion of heal wounds
 o - 3 potions of brilliance
 v - a potion of cure mutation
Books
 x - a book of Minor Magic

   Spells                             Type                      Level
   a - Magic Dart                     Conjuration                  1
   b - Blink                          Translocation                2
   c - Call Imp                       Summoning                    2
   d - Repel Missiles                 Charms/Air                   2
   e - Slow                           Hexes                        2
   f - Conjure Flame                  Conjuration/Fire             3
   g - Mephitic Cloud                 Conjuration/Poison/Air       3
 y - a book of Cantrips

   Spells                             Type                      Level
   a - Confusing Touch                Hexes                        1
   b - Animate Skeleton               Necromancy                   1
   c - Summon Small Mammal            Summoning                    1
   d - Apportation                    Translocation                1
 z - a book of Maledictions

   Spells                             Type                      Level
   a - Corona                         Hexes                        1
   b - Ensorcelled Hibernation        Hexes/Ice                    2
   c - Confuse                        Hexes                        3
   d - Tukima's Dance                 Hexes                        3
   e - Dazzling Spray                 Conjuration/Hexes            3
Comestibles
 b - 11 meat rations


   Skills:
 + Level 9.3 Fighting
 + Level 18.5 Dodging
 + Level 10.9 Stealth
 + Level 22.4 Unarmed Combat
 + Level 2.9 Spellcasting
 + Level 3.4 Charms
 + Level 3.0 Air Magic
 + Level 10.2 Invocations
 + Level 5.7 Evocations


You couldn't memorise any spells.
You knew the following spells:

 Your Spells              Type           Power        Failure   Level  Hunger
a - Animate Skeleton      Necr           N/A          30%         1    #......
b - Blink                 Tloc           N/A          43%         2    ###....
c - Confusing Touch       Hex            #.....       30%         1    #......
d - Repel Missiles        Chrm/Air       #.....       14%         2    ###....
e - Ensorcelled Hibernat  Hex/Ice        #.....       43%         2    ###....
f - Corona                Hex            #......      30%         1    #......
g - Summon Small Mammal   Summ           #...         30%         1    #......
h - Call Imp              Summ           #.......     43%         2    ###....
i - Magic Dart            Conj           #...         30%         1    #......
j - Slow                  Hex            #.......     43%         2    ###....


Dungeon Overview and Level Annotations

Branches:
Dungeon (1/1)

Altars:
Cheibriados
Dithmenos
Elyvilon
Fedhas
Gozag
Hepliaklqana
Kikubaaqudgha
Makhleb
Nemelex Xobeh
Okawaru
Qazlal
Ru
Sif Muna
Trog
Uskayaw
Vehumet
Xom
Yredelemnul
Zin
The Shining One
Beogh
Jiyva
Lugonu

Shops:
D }:[!

Annotations:
D Nikola, Sojobo


Innate Abilities, Weirdness & Mutations

You cannot wear armour.
You are incapable of wielding weapons or throwing items.
Your paws allow you to move quietly. (Stealth)
You have sharp claws.
You have razor-sharp teeth.
You have supernaturally acute eyesight. (SInv)
You are carnivorous and can eat meat at any time.
You cover ground quickly.
Your thick and shaggy fur keeps you warm. (AC +3, rC+)
You have a slow metabolism.
Your sharp claws are effective at attacking unaware monsters.


Message History

Sojobo resists with almost no effort.
You feel somewhat more hungry.
Press: ? - help, Shift-Dir - straight line, f/p - Sojobo
Aim: Sojobo, wielding a great sword of electrocution and wearing a runed ring mail (deflecting missiles, chance to defeat MR: 4%) Sojobo resists with almost no effort.
You feel somewhat more hungry.
Sojobo grins devilishly.
You see here a +1 battleaxe of chopping.
You see here a +3 longbow of freezing.
You see here a +1 double sword of slicing.
Sojobo waves her feathered arms in wide circles.
The air twists around and strikes you!
You see here a +2 glaive of protection.
Sojobo gestures at you while chanting. The bolt of lightning hits you!
Ouch! That really hurt!
* * * LOW HITPOINT WARNING * * *
Found +1 swamp dragon scales.
Sojobo gestures at you while chanting. The bolt of lightning hits you!
Ouch! That really hurt!
You die...

)▓.▓)▓.▓m▓
▓*▓)▓
)▓.▓.▓.▓
▓.▓)▓
.▓.▓[▓.▓
▓Q▓
.▓.▓[▓.▓
▓)▓
.▓.▓[▓.▓
▓)▓
'▓.▓[▓.▓
▓)▓
)▓.▓[▓.▓
▓.▓
)▓.▓[▓.▓
▓.▓
)▓.▓[▓.▓
▓@▓
.▓)▓[▓.▓
▓[▓
.▓(▓.▓.▓
▓[▓
.▓.▓.▓.▓
▓[▓
.▓.▓.▓.▓
▓[▓
.▓.▓.▓.▓
▓[▓
.▓.▓.▓.▓
▓[▓
.▓.▓.▓.▓
▓.▓
)▓.▓.▓.▓


You could see Sojobo.

Vanquished Creatures
  Gastronok (D)
  A stone giant (D)
  A rakshasa (D)
  3 hydras (D)
  Erolcha (D)
  2 ogre magi (D)
  A vampire mage (D)
  3 orc high priests (D)
  A fire crab (D)
  An unseen horror (D)
  An orc knight (D)
  A necromancer (D)
  An ugly thing (D)
  2 cyclopes (D)
  4 orc sorcerers (D)
  Maurice (D)
  A black mamba (D)
  3 spiny frogs (D)
  Psyche (D)
  2 komodo dragons (D)
  A yaktaur (D)
  4 polar bears (D)
  A tengu conjurer (D)
  A wind drake (D)
  A hippogriff (D)
  A wyvern (D)
  Eustachio (D)
  A basilisk (D)
  A water moccasin (D)
  4 black bears (D)
  A porcupine (D)
  15 orc warriors (D)
  4 crocodiles (D)
  A big kobold (D)
  3 bullfrogs (D)
  A crimson imp (D)
  A jelly (D)
  2 orc priests (D)
  3 orc wizards (D)
  An iguana (D)
  A worker ant (D)
  An adder skeleton (D)
  2 leopard geckos (D)
  14 orcs (D)
  A bat (D)
  A bat zombie (D)
  A giant cockroach (D)
  2 goblins (D)
  A hobgoblin (D)
  2 quokkas (D)
  A leopard gecko zombie (D)
107 creatures vanquished.

Notes
Turn   | Place    | Note
-------+----------+-------------------------------------------
     0 | D        | equalderp2856 the Felid Fighter began the quest for the Orb.
     0 | D        | Reached XP level 1. HP: 10/10 MP: 2/2
    26 | D        | Reached skill level 5 in Unarmed Combat
   105 | D        | Noticed a crimson imp
   105 | D        | Noticed a worker ant
   119 | D        | Reached XP level 2. HP: 4/14 MP: 3/3
   130 | D        | Killed a crimson imp
   130 | D        | Reached skill level 5 in Dodging
   130 | D        | Reached skill level 6 in Unarmed Combat
   130 | D        | Reached XP level 3. HP: 9/18 MP: 4/4
   142 | D        | Reached skill level 7 in Unarmed Combat
   142 | D        | Reached XP level 4. HP: 10/22 MP: 5/5
   308 | D        | Found a roughly hewn altar of Beogh.
   308 | D        | Found a snail-covered altar of Cheibriados.
   308 | D        | Found a shadowy altar of Dithmenos.
   308 | D        | Found a white marble altar of Elyvilon.
   308 | D        | Found a blossoming altar of Fedhas.
   308 | D        | Found an opulent altar of Gozag.
   309 | D        | Found a hazy altar of Hepliaklqana.
   310 | D        | Found a viscous altar of Jiyva.
   311 | D        | Found an ancient bone altar of Kikubaaqudgha.
   312 | D        | Found a corrupted altar of Lugonu.
   313 | D        | Found a burning altar of Makhleb.
   314 | D        | Found a sparkling altar of Nemelex Xobeh.
   315 | D        | Found an iron altar of Okawaru.
   316 | D        | Found a stormy altar of Qazlal.
   317 | D        | Found a sacrificial altar of Ru.
   318 | D        | Found a deep blue altar of Sif Muna.
   319 | D        | Found a bloodstained altar of Trog.
   320 | D        | Found a hide-covered altar of Uskayaw.
   322 | D        | Became a worshipper of Lugonu the Unformed
   322 | D        | Reached * piety under Lugonu
   324 | D        | Found a radiant altar of Vehumet.
   325 | D        | Found a shimmering altar of Xom.
   326 | D        | Found a basalt altar of Yredelemnul.
   327 | D        | Found a glowing silver altar of Zin.
   328 | D        | Found a glowing golden altar of the Shining One.
   355 | D        | Noticed an orc warrior
   355 | D        | Noticed a crocodile
   355 | D        | Noticed a big kobold
   363 | D        | Killed an orc warrior
   363 | D        | Reached skill level 1 in Stealth
   363 | D        | Reached skill level 8 in Unarmed Combat
   363 | D        | Reached XP level 5. HP: 9/25 MP: 6/6
   363 | D        | Reached skill level 5 in Fighting
   363 | D        | Reached skill level 9 in Unarmed Combat
   363 | D        | Reached ** piety under Lugonu
   364 | D        | Killed a crocodile
   364 | D        | Reached skill level 10 in Unarmed Combat
   364 | D        | Gained mutation: You are covered in thick fur. (AC +2) [Felid growth]
   364 | D        | Reached XP level 6. HP: 11/30 MP: 7/7
   607 | D        | Reached skill level 10 in Dodging
   607 | D        | Reached skill level 1 in Evocations
   621 | D        | Noticed a cyclops
   621 | D        | Noticed a wyvern
   621 | D        | Noticed a seven-headed hydra
   621 | D        | Noticed an orc warrior
   629 | D        | Killed a cyclops
   629 | D        | Reached *** piety under Lugonu
   629 | D        | Reached skill level 12 in Unarmed Combat
   629 | D        | Reached XP level 7. HP: 25/35 MP: 7/9
   826 | D        | Killed a wyvern
   826 | D        | Reached skill level 13 in Unarmed Combat
   831 | D        | Killed a seven-headed hydra
   831 | D        | Reached skill level 14 in Unarmed Combat
   831 | D        | Reached XP level 8. HP: 40/40 MP: 9/11
   833 | D        | Reached **** piety under Lugonu
   977 | D        | Noticed a black mamba
   977 | D        | Noticed a komodo dragon
   977 | D        | Noticed a hippogriff
   985 | D        | Killed a black mamba
   985 | D        | Reached XP level 9. HP: 18/43 MP: 12/12
  1167 | D        | Killed a komodo dragon
  1167 | D        | Reached skill level 15 in Unarmed Combat
  1178 | D        | Reached ***** piety under Lugonu
  1185 | D        | Reached skill level 5 in Stealth
  1322 | D        | Noticed a spiny frog
  1329 | D        | Killed a spiny frog
  1329 | D        | Reached skill level 15 in Dodging
  1329 | D        | Reached skill level 16 in Unarmed Combat
  1331 | D        | Noticed a spiny frog
  1331 | D        | Noticed a komodo dragon
  1331 | D        | Noticed a spiny frog
  1331 | D        | Noticed a seven-headed hydra
  1342 | D        | Killed a spiny frog
  1528 | D        | Killed a komodo dragon
  1531 | D        | Killed a spiny frog
  1531 | D        | Reached skill level 5 in Evocations
  1531 | D        | Reached XP level 10. HP: 42/48 MP: 14/14
  1766 | D        | Killed a seven-headed hydra
  1766 | D        | Reached skill level 17 in Unarmed Combat
  1955 | D        | Reached ****** piety under Lugonu
  1993 | D        | Noticed a fire crab
  2089 | D        | Killed a fire crab
  2089 | D        | Reached skill level 1 in Invocations
  2177 | D        | Reached skill level 18 in Unarmed Combat
  2498 | D        | Noticed Gastronok
  2520 | D        | Killed Gastronok
  2520 | D        | Reached skill level 19 in Unarmed Combat
  2520 | D        | Reached skill level 5 in Invocations
  2520 | D        | Reached XP level 11. HP: 52/52 MP: 16/16
  2560 | D        | Noticed Eustachio
  2570 | D        | Killed Eustachio
  2705 | D        | Noticed an orc knight
  2987 | D        | Killed an orc knight
  3181 | D        | Found Lapnel's Gadget Emporium.
  3181 | D        | Noticed an orc sorcerer
  3181 | D        | Noticed an orc sorcerer
  3182 | D        | Noticed an orc sorcerer
  3184 | D        | Noticed a sixfirhy
  3185 | D        | Killed an orc sorcerer
  3246 | D        | Killed an orc sorcerer
  3246 | D        | Reached skill level 20 in Unarmed Combat
  3367 | D        | Killed an orc sorcerer
  3405 | D        | Noticed an orc high priest
  3406 | D        | Found Romaip's Book Shoppe.
  3408 | D        | Found Kethrual's Antique Armour Emporium.
  3410 | D        | Found Zarixzi's Distillery.
  3411 | D        | Noticed an orc high priest
  3412 | D        | Noticed a sun demon
  3424 | D        | Noticed a sun demon
  3537 | D        | Killed an orc high priest
  3560 | D        | Noticed an orc high priest
  3563 | D        | Killed an orc high priest
  3565 | D        | Noticed an orc sorcerer
  3569 | D        | Noticed a sixfirhy
  3569 | D        | Noticed a soul eater
  3581 | D        | Noticed a soul eater
  3585 | D        | Killed an orc high priest
  3589 | D        | Killed an orc sorcerer
  3685 | D        | Noticed Erolcha
  3687 | D        | Noticed Maurice
  3708 | D        | Killed Erolcha
  3846 | D        | Killed Maurice
  3846 | D        | Reached skill level 21 in Unarmed Combat
  3934 | D        | Noticed Psyche
  3944 | D        | Killed Psyche
  4232 | D        | Bought a book of Minor Magic for 240 gold pieces
  4232 | D        | Bought a book of Cantrips for 240 gold pieces
  4240 | D        | Learned a level 1 spell: Animate Skeleton
  4243 | D        | Learned a level 2 spell: Blink
  4245 | D        | Learned a level 1 spell: Confusing Touch
  4248 | D        | Learned a level 2 spell: Repel Missiles
  4254 | D        | Bought a book of Maledictions for 300 gold pieces
  4398 | D        | Noticed an unseen horror
  4398 | D        | Noticed an ogre mage
  4399 | D        | Noticed a six-headed hydra
  4404 | D        | Killed an unseen horror
  4404 | D        | Gained mutation: Your thick and shaggy fur keeps you warm. (AC +3, rC+) [Felid growth]
  4404 | D        | Reached XP level 12. HP: 46/57 MP: 19/19
  4411 | D        | Killed an ogre mage
  4411 | D        | Reached skill level 10 in Stealth
  4965 | D        | Killed a six-headed hydra
  5120 | D        | Noticed a stone giant
  6001 | D        | Killed a stone giant
  6001 | D        | Reached skill level 1 in Spellcasting
  6001 | D        | Reached skill level 1 in Charms
  6001 | D        | Reached skill level 1 in Air Magic
  6001 | D        | Reached skill level 10 in Invocations
  6126 | D        | Noticed a vampire mage
  6138 | D        | Killed a vampire mage
  6320 | D        | Noticed a rakshasa
  6327 | D        | Reached skill level 22 in Unarmed Combat
  6584 | D        | Killed a rakshasa
  6837 | D        | Noticed an ogre mage
  6847 | D        | Killed an ogre mage
  7079 | D        | Learned a level 2 spell: Ensorcelled Hibernation
  7081 | D        | Learned a level 1 spell: Corona
  7083 | D        | Learned a level 1 spell: Summon Small Mammal
  7086 | D        | Learned a level 2 spell: Call Imp
  7088 | D        | Learned a level 1 spell: Magic Dart
  7091 | D        | Learned a level 2 spell: Slow
  7344 | D        | Noticed a merfolk aquamancer
  7344 | D        | Noticed an alligator snapping turtle
  7344 | D        | Noticed an alligator snapping turtle
  7345 | D        | Noticed a merfolk javelineer
  7353 | D        | HP: 1/57 [manticore (13)]
  7363 | D        | Succumbed to barbed spike wounds
  7364 | D        | Reached XP level 11. HP: -1/53 MP: 19/19
  7374 | D        | Noticed a tengu reaver
  7375 | D        | Noticed Sojobo
  7376 | D        | Noticed a tengu reaver
  7377 | D        | Noticed Nikola
  7418 | D        | Killed from afar by a tengu reaver
  7419 | D        | Reached XP level 10. HP: -14/49 MP: 18/18
  7434 | D        | Banished a tengu reaver
  7461 | D        | Killed from afar by Sojobo

Skill      XL: |  1  2  3  4  5  6  7  8  9 10 11 12 |
---------------+-------------------------------------+-----
Unarmed Combat | 5 6 7 8 10 12 14 16 19 21 22 | 22.4
Dodging        | 5 6 8 9 11 13 15 16 17 18 | 18.5
Fighting       | 4 5 6 7 8 9 |  9.3
Stealth        | 1 2 3 4 6 7 9 10 | 10.9
Evocations     | 2 3 5 |  5.7
Invocations    | 5 9 10 | 10.2
Spellcasting   | 2 |  2.9
Charms         | 3 |  3.4
Air Magic      | 3 2 |  3.0

Action                   |  1- 3 |  4- 6 |  7- 9 | 10-12 || total
-------------------------+-------+-------+-------+-------++-------
Melee: Unarmed           |    51 |    15 |    59 |   329 ||   454
       Bite              |     4 |     4 |    10 |    47 ||    65
       Punch             |     2 |     2 |     5 |    33 ||    42
 Cast: Repel Missiles    |       |       |       |     2 ||     2
Invok: Banish            |       |       |       |     5 ||     5
Evoke: Wand              |       |     4 |     3 |       ||     7
  Use: Potion            |     1 |     1 |     2 |     9 ||    13
       Scroll            |       |       |       |     3 ||     3
 Stab: Distracted        |       |       |     1 |     3 ||     4
       Sleeping          |       |       |     1 |     4 ||     5
  Eat: Meat ration       |       |       |       |     2 ||     2
Armor: Skin              |     2 |       |     2 |    12 ||    16
Dodge: Dodged            |    53 |     9 |    39 |   267 ||   368
       Deflected         |       |       |       |     1 ||     1
